 Dungeon Crawl Stone Soup version 0.27-a0-323-gbd089401bb (webtiles) character file.

Game seed: 12152487101749787987

6795 ardl the Summoner (level 11, 47/81 HPs)
             Began as a Gnoll Summoner on Feb 11, 2021.
             Was an Elder of Fedhas.
             Quit the game on level 9 of the Dungeon.
             The game lasted 00:30:18 (15162 turns).

ardl the Summoner (Gnoll Summoner)                 Turns: 15162, Time: 00:30:19

Health: 47/81      AC: 14    Str: 11    XL:     11   Next: 5%
Magic:  29/31      EV: 13    Int: 15    God:    Fedhas [****..]
Gold:   732        SH:  5    Dex: 12    Spells: 19/25 levels left

rFire    + . .     SeeInvis .   s - +0 dagger (elec)
rCold    . . .     Faith    +   I - +0 buckler
rNeg     . . .     Spirit   .   d - +0 swamp dragon scales
rPois    +         Reflect  .   p - +2 helmet
rElec    .         Harm     .   (no cloak)
rCorr    .         Rampage  .   J - +0 pair of gloves
Will     .....                  c - +0 pair of boots
Stlth    +++.......             r - amulet of faith
HPRegen  0.23/turn              A - ring "Noto" {rC+ MP+9}
MPRegen  0.22/turn              D - ring of fire

@: no status effects
A: distributed training, fangs 1, strong nose
a: Renounce Religion, Wall of Briars, Grow Ballistomycete, Overgrow


You were on level 9 of the Dungeon.
You worshipped Fedhas.
Fedhas was greatly pleased with you.
You visited 1 branch of the dungeon, and saw 11 of its levels.

You collected 732 gold pieces.

Inventory:

Hand Weapons
 l - a +1 short sword of venom
 o - a +2 dagger of draining
 s - a +0 dagger of electrocution (weapon)
Missiles
 w - a throwing net
Armour
 c - a +0 pair of boots (worn)
 d - +0 swamp dragon scales (worn)
 j - a +2 kite shield
 p - a +2 helmet (worn)
 I - a +0 buckler (worn)
 J - a +0 pair of gloves (worn)
Magical Staves
 v - a staff of poison {unknown}
 E - a staff of earth
Jewellery
 r - an amulet of faith (around neck)
 A - the ring "Noto" (left hand) {rC+ MP+9}
   (You found it on level 6 of the Dungeon)

   [ring of magical power]

   It protects you from cold.
   It affects your magic capacity (+9).
 D - a ring of fire (right hand)
Wands
 a - a wand of flame (34)
 f - a wand of polymorph (14)
 z - a wand of acid (17)
 C - a wand of paralysis (8)
Scrolls
 b - 2 scrolls of amnesia
 i - a scroll of identify
 t - 3 scrolls of teleportation
 x - 3 scrolls of fog
 y - 2 scrolls of immolation
 B - a scroll of blinking
 F - a scroll of torment {unknown}
 G - a scroll of magic mapping {unknown}
 H - a scroll of enchant armour
Potions
 e - a potion of flight
 g - a potion of mutation
 h - 3 potions of haste
 k - a potion of brilliance
 m - a potion of invisibility
 n - 2 potions of cancellation
 q - 4 potions of curing
 u - 2 potions of berserk rage


   Skills:
 + Level 5.9 Fighting
 + Level 5.9 Short Blades
 + Level 5.9 Long Blades
 + Level 5.9 Axes
 + Level 5.9 Maces & Flails
 + Level 5.9 Polearms
 + Level 5.9 Staves
 + Level 5.9 Slings
 + Level 5.9 Bows
 + Level 5.9 Crossbows
 + Level 5.9 Throwing
 + Level 5.9 Armour
 + Level 7.5 Dodging
 + Level 7.3 Stealth
 + Level 5.9 Shields
 + Level 5.9 Unarmed Combat
 + Level 7.8 Spellcasting
 + Level 4.8 Conjurations
 + Level 4.8 Hexes
 + Level 8.7 Summonings
 + Level 4.8 Necromancy
 + Level 4.8 Translocations
 + Level 4.8 Transmutations
 + Level 4.8 Fire Magic
 + Level 4.8 Ice Magic
 + Level 4.8 Air Magic
 + Level 4.8 Earth Magic
 + Level 4.8 Poison Magic
 + Level 6.4 Invocations
 + Level 5.9 Evocations


You had 19 spell levels left.
You knew the following spells:

 Your Spells              Type           Power        Failure   Level
a - Summon Small Mammal   Summ           100%         1%          1
b - Call Imp              Summ           32%          1%          2
c - Call Canine Familiar  Summ           32%          2%          3

Your spell library contained the following spells:

 Spells                   Type           Power        Failure   Level
 Corona                   Hex            22%          3%          1
 Magic Dart               Conj           80%          3%          1
 Sandblast                Erth           40%          3%          1
 Summon Guardian Golem    Hex/Summ       26%          4%          3
 Blink                    Tloc           N/A          5%          2
 Passwall                 Tmut/Erth      16%          5%          2
 Slow                     Hex            20%          5%          2
 Confusing Touch          Hex            20%          11%         3
 Conjure Flame            Conj/Fire      30%          11%         3
 Gell's Gravitas          Tloc           10%          11%         3
 Inner Flame              Hex/Fire       30%          11%         3
 Mephitic Cloud           Conj/Pois/Air  20%          11%         3
 Stone Arrow              Conj/Erth      40%          11%         3
 Summon Ice Beast         Ice/Summ       26%          16%         4
 Summon Lightning Spire   Summ/Air       26%          16%         4
 Petrify                  Tmut/Erth      20%          34%         4
 Lee's Rapid Deconstruct  Erth           10%          67%         5
 Metabolic Englaciation   Hex/Ice        10%          67%         5
 Yara's Violent Unravell  Hex/Tmut       10%          67%         5
 Ignition                 Fire           15%          100%        8


Dungeon Overview and Level Annotations

Branches:
Dungeon (11/15)            Temple (0/1) D:6             Orc (0/2) D:9
   Lair: D:8-11

Altars:
Cheibriados
Fedhas
Gozag
Kikubaaqudgha
Okawaru
Qazlal
Sif Muna
Trog
Uskayaw
Vehumet
Wu Jian
Yredelemnul

Annotations:
D:11 Fannar


Innate Abilities, Weirdness & Mutations

Your experience applies equally to all skills.
You have very sharp teeth.
Your uncanny sense of smell can sniff out nearby items.


Message History

The orc priest completely misses your crimson imp.
Your crimson imp hits the orc priest but does no damage.
Your crimson imp closely misses the orc priest.
The orc priest begins to cast a cantrip, but forgets the words!
Your crimson imp closely misses the orc priest.
The orc priest closely misses your crimson imp.
Your crimson imp barely misses the orc priest.
The orc priest invokes the aid of Beogh against you.
Beogh smites you!
Your crimson imp hits the orc priest but does no damage.
You take 12 damage, and have 57/81 hp.
The orc priest hits your crimson imp with a +0 trident.
Your crimson imp hits the orc priest but does no damage.
The orc priest hits your crimson imp with a +0 trident.
Your crimson imp blinks!
The orc priest hits your white imp but does no damage.
Your white imp closely misses the orc priest.
Your crimson imp blinks!
The orc priest closely misses your crimson imp.
The orc priest barely misses your crimson imp.
Your crimson imp closely misses the orc priest.
The orc priest calls down the wrath of Beogh upon you.
Beogh smites you!
Your crimson imp blinks!
You take 13 damage, and have 46/81 hp.
Your crimson imp barely misses the orc priest.
The orc priest barely misses your crimson imp.
Your crimson imp barely misses the orc priest.
The orc priest hits your crimson imp with a +0 trident!
Your crimson imp barely misses the orc priest.
The orc priest closely misses your crimson imp.
Your crimson imp barely misses the orc priest.
The orc priest hits your crimson imp with a +0 trident!
Your crimson imp blinks!
Your crimson imp closely misses the orc priest.
The orc priest hits your crimson imp but does no damage.
Your crimson imp misses the orc priest.
Your white imp disappears in a puff of smoke!
Your crimson imp hits the orc priest but does no damage.
The orc priest misses your crimson imp.

#...........##.........#
#...........#####......##
............###.........##
...............(##....#..#
.........................#
≈≈≈≈≈≈≈≈≈≈≈≈≈≈≈≈≈≈≈≈≈≈≈..#
≈≈≈≈≈≈≈≈≈≈≈≈≈≈≈≈≈≈≈≈≈≈≈..#
#####################≈≈..#
....)...........@h5o#≈≈..#
..).....[..5.)...§###≈≈..#
....).†..8.........>#≈≈)##
.......)..........###≈≈..#
..................≈o#≈≈..#
#####################≈≈..#
≈≈≈≈≈≈≈≈≈≈≈≈≈≈≈≈≈≈≈≈≈≈≈..#
≈≈≈≈≈≈≈≈≈≈≈≈≈≈≈≈≈≈≈≈≈≈≈..#
..)......................#


You could see an orc priest, a friendly hound (summoned) and 2 friendly crimson
imps.

Vanquished Creatures
  A boulder beetle (D:9)
  A catoblepas (D:9)
  A two-headed ogre (D:9)
  Maggie (D:8)
  A troll (D:9)
  2 wraiths
  A wyvern (D:9)
  Edmund (D:6)
  A water moccasin (D:10)
  An ice beast (D:11)
  A black bear (D:8)
  A sky beast (D:11)
  5 orc warriors
  3 ogres
  A centaur (D:8)
  5 phantoms
  2 bullfrogs
  A wyvern zombie (D:8)
  A water moccasin zombie (D:7)
  A scorpion (D:7)
  3 killer bees (D:8)
  A wight (D:6)
  An electric eel (D:9)
  3 howler monkeys
  A centaur zombie (D:6)
  A jelly (D:6)
  4 hounds
  4 orc priests
  A bullfrog skeleton (D:9)
  A bullfrog zombie (D:10)
  An iguana (D:6)
  3 worker ants
  8 orc wizards
  A killer bee zombie (D:6)
  A hound skeleton (D:9)
  A howler monkey zombie (D:6)
  A worker ant zombie (D:7)
  8 gnolls
  7 adders
  3 white imps
  2 ufetubi
  2 adder skeletons
  2 adder zombies
  A dart slug (D:3)
  26 orcs
  2 giant cockroaches (D:3)
  A goblin (D:1)
  4 hobgoblins
  3 jackals (D:2)
  A ball python (D:3)
  4 bats
  5 frilled lizards
  3 kobolds
  A ballistomycete spore (D:9)
143 creatures vanquished.

Vanquished Creatures (collateral kills)
  A two-headed ogre (D:9)
  A basilisk (D:11)
  An ice beast (D:8)
  A black bear (D:7)
  An ogre (D:10)
  5 centaurs
  Blork the orc (D:5)
  A wyvern skeleton (D:9)
  A killer bee (D:8)
  2 wights (D:6)
  2 orc priests
  A centaur skeleton (D:8)
  Terence (D:2)
  2 iguanas
  7 orc wizards
  A worker ant (D:8)
  A worker ant zombie (D:6)
  5 gnolls
  5 adders
  3 white imps (D:5)
  An adder skeleton (D:5)
  A worm (D:2)
  The ghost of tabyourdongers the Sneak, a weakling TrDe (D:6)
  A dart slug (D:3)
  3 leopard geckos
  21 orcs
  5 goblins
  4 hobgoblins
  6 jackals
  8 kobolds
  A quokka (D:8)
  A ball python (D:1)
  3 bats
  A frilled lizard (D:5)
  4 giant cockroaches
  5 rats
  13 ballistomycete spores (D:9)
122 creatures vanquished.

Vanquished Creatures (others)
  An orc wizard (D:5)
  11 plants
12 creatures vanquished.

Grand Total: 277 creatures vanquished

Notes
Turn   | Place    | Note
-------+----------+-------------------------------------------
     0 | D:1      | ardl the Gnoll Summoner began the quest for the Orb.
     0 | D:1      | Reached XP level 1. HP: 13/13 MP: 6/6
   542 | D:1      | Reached XP level 2. HP: 19/19 MP: 3/7
   602 | D:1      | Learned a level 2 spell: Call Imp
  1585 | D:2      | Reached XP level 3. HP: 25/25 MP: 9/9
  1592 | D:2      | Learned a level 3 spell: Call Canine Familiar
  1686 | D:2      | Reached skill level 5 in Spellcasting
  2534 | D:2      | Noticed Terence
  2546 | D:2      | Killed Terence
  2547 | D:2      | Reached skill level 1 in Fighting
  2547 | D:2      | Reached skill level 1 in Short Blades
  2547 | D:2      | Reached skill level 1 in Long Blades
  2547 | D:2      | Reached skill level 1 in Axes
  2547 | D:2      | Reached skill level 1 in Maces & Flails
  2547 | D:2      | Reached skill level 1 in Polearms
  2547 | D:2      | Reached skill level 1 in Staves
  2547 | D:2      | Reached skill level 1 in Slings
  2547 | D:2      | Reached skill level 1 in Bows
  2547 | D:2      | Reached skill level 1 in Crossbows
  2547 | D:2      | Reached skill level 1 in Throwing
  2547 | D:2      | Reached skill level 1 in Armour
  2547 | D:2      | Reached skill level 1 in Shields
  2547 | D:2      | Reached skill level 1 in Unarmed Combat
  2547 | D:2      | Reached skill level 1 in Invocations
  2547 | D:2      | Reached skill level 1 in Evocations
  2947 | D:3      | Reached XP level 4. HP: 22/32 MP: 4/11
  3491 | D:3      | Found a snail-covered altar of Cheibriados.
  3738 | D:3      | Found a blossoming altar of Fedhas.
  3738 | D:3      | Found an ornate altar of the Wu Jian Council.
  3762 | D:3      | Became a worshipper of Fedhas Madash
  3874 | D:3      | Found a basalt altar of Yredelemnul.
  3881 | D:3      | Reached skill level 1 in Conjurations
  3881 | D:3      | Reached skill level 1 in Hexes
  3881 | D:3      | Reached skill level 1 in Necromancy
  3881 | D:3      | Reached skill level 1 in Translocations
  3881 | D:3      | Reached skill level 1 in Transmutations
  3881 | D:3      | Reached skill level 1 in Fire Magic
  3881 | D:3      | Reached skill level 1 in Ice Magic
  3881 | D:3      | Reached skill level 1 in Air Magic
  3881 | D:3      | Reached skill level 1 in Earth Magic
  3881 | D:3      | Reached skill level 1 in Poison Magic
  3922 | D:3      | Found a radiant altar of Vehumet.
  3925 | D:3      | Found an ancient bone altar of Kikubaaqudgha.
  3928 | D:3      | Found an iron altar of Okawaru.
  4538 | D:4      | Found an opulent altar of Gozag.
  4651 | D:4      | Reached XP level 5. HP: 19/34 MP: 1/12
  5695 | D:4      | Found a bloodstained altar of Trog.
  5827 | D:5      | Entered Level 5 of the Dungeon
  5834 | D:4      | Reached XP level 6. HP: 33/44 MP: 3/13
  6033 | D:5      | Noticed Blork the orc
  6040 | D:5      | Reached skill level 5 in Dodging
  6050 | D:5      | Killed Blork the orc
  6428 | D:5      | Reached * piety under Fedhas
  6523 | D:5      | Reached XP level 7. HP: 29/50 MP: 2/15
  7319 | D:5      | Reached ** piety under Fedhas
  7530 | D:5      | Found a stormy altar of Qazlal.
  7540 | D:5      | Found a radiant altar of Vehumet.
  7693 | D:6      | Got a bloodstained ring mail
  7864 | D:6      | Found a staircase to the Ecumenical Temple.
  7976 | D:6      | Reached skill level 5 in Stealth
  8155 | D:6      | Found a runed translucent door.
  8156 | D:6      | Noticed tabyourdongers's ghost (weakling TrDe)
  8545 | D:6      | Reached XP level 8. HP: 51/57 MP: 9/16
  8598 | D:6      | Noticed Edmund
  8626 | D:6      | Killed Edmund
  8748 | D:6      | Found a stormy altar of Qazlal.
  8749 | D:6      | Noticed a water elemental
  8750 | D:6      | Noticed an air elemental
  9131 | D:6      | Killed tabyourdongers's ghost
  9139 | D:6      | Got a clouded iron ring
  9140 | D:6      | Identified the ring "Noto" {rC+ MP+9} (You found it on
                  | level 6 of the Dungeon)
  9283 | D:6      | Identified the +1 ring mail of Wanich {rElec rPois rCorr
                  | Str-2} (You found it on level 6 of the Dungeon)
  9811 | D:7      | Found a shimmering blue altar of Sif Muna.
  9918 | D:7      | Found a hide-covered altar of Uskayaw.
 10723 | D:8      | Noticed Maggie
 10740 | D:8      | Reached XP level 9. HP: 24/65 MP: 18/18
 10749 | D:8      | Killed Maggie
 11015 | D:8      | Reached *** piety under Fedhas
 11209 | D:8      | Reached skill level 8 in Summonings
 11918 | D:8      | You fall into a shaft and drop 3 floors!
 12074 | D:11     | Noticed a green ugly thing
 12075 | D:11     | Identified the Guide on the Arsonist and the Oath
 12120 | D:11     | Reached skill level 5 in Invocations
 12219 | D:11     | Noticed Fannar
 12468 | D:11     | Reached **** piety under Fedhas
 12674 | D:10     | Entered Level 10 of the Dungeon
 12721 | D:10     | Reached XP level 10. HP: 73/73 MP: 20/20
 12753 | D:10     | Found a bloodstained altar of Trog.
 12952 | D:9      | Reached skill level 5 in Fighting
 12952 | D:9      | Reached skill level 5 in Short Blades
 12952 | D:9      | Reached skill level 5 in Long Blades
 12952 | D:9      | Reached skill level 5 in Axes
 12952 | D:9      | Reached skill level 5 in Maces & Flails
 12952 | D:9      | Reached skill level 5 in Polearms
 12952 | D:9      | Reached skill level 5 in Staves
 12952 | D:9      | Reached skill level 5 in Slings
 12952 | D:9      | Reached skill level 5 in Bows
 12952 | D:9      | Reached skill level 5 in Crossbows
 12952 | D:9      | Reached skill level 5 in Throwing
 12952 | D:9      | Reached skill level 5 in Armour
 12952 | D:9      | Reached skill level 5 in Shields
 12952 | D:9      | Reached skill level 5 in Unarmed Combat
 12952 | D:9      | Reached skill level 5 in Evocations
 13009 | D:9      | Noticed a two-headed ogre
 13028 | D:9      | HP: 3/74 [two-headed ogre/+0 giant club (11)]
 13029 | D:9      | Killed a two-headed ogre
 13631 | D:9      | Noticed a two-headed ogre
 13643 | D:9      | Noticed a boulder beetle
 13644 | D:9      | Killed a two-headed ogre
 13653 | D:9      | Killed a boulder beetle
 13672 | D:9      | Noticed a catoblepas
 14419 | D:9      | Killed a catoblepas
 14742 | D:9      | Reached XP level 11. HP: 77/81 MP: 22/22
 15127 | D:9      | Found a staircase to the Orcish Mines.
 15162 | D:9      | Quit the game

Illustrated notes

Levels and vault maps discovered:
D:1:      sevenhm_arrival_forest_fort_large_4, layout_basic, chequers_garden
D:2:      layout_basic, uniq_terence
D:3:      layout_basic, grunt_temple_overflow_cloverleaf,
          kennysheep_slug_shrine, amethyst_overflow_temple_binary
D:4:      layout_loops_corners, lemuel_coloured_pillars_altar,
          nicolae_gozag_cash_rules_everything_around_me, serial_bayou_lake_a
D:5:      layout_rooms, kennysheep_mini, vehumet_altar_wand_db,
          uniq_blork_the_orc
D:6:      layout_cave_pods, minmay_temple_entry_oklob,
          ebering_ghost_inner_flame, nicolae_qazlal_style_of_elements,
          uniq_edmund
D:7:      layout_loops_ring, marbit_many_paths, lemuel_blue_sif_altar
D:8:      minmay_bubble_buster, layout_gridville, uniq_maggie
D:9:      layout_rooms, erik_orc_2, minmay_shattered_shrine
D:10:     cheibrodos_grave_circle, layout_long_grid,
          grunt_lair_entry_orc_guard_hut, basic_altar
D:11:     layout_basic, gammafunk_ghost_cemetery, patterned_corridor,
          uniq_fannar

Skill      XL: |  1  2  3  4  5  6  7  8  9 10 |
---------------+-------------------------------+-----
Spellcasting   | 5 6 7 |  7.8
Fighting       | 1 2 3 4 5 |  5.9
Short Blades   | 1 2 3 4 5 |  5.9
Long Blades    | 1 2 3 4 5 |  5.9
Axes           | 1 2 3 4 5 |  5.9
Maces & Flails | 1 2 3 4 5 |  5.9
Polearms       | 1 2 3 4 5 |  5.9
Staves         | 1 2 3 4 5 |  5.9
Slings         | 1 2 3 4 5 |  5.9
Bows           | 1 2 3 4 5 |  5.9
Crossbows      | 1 2 3 4 5 |  5.9
Throwing       | 1 2 3 4 5 |  5.9
Armour         | 1 2 3 4 5 |  5.9
Shields        | 1 2 3 4 5 |  5.9
Unarmed Combat | 1 2 3 4 5 |  5.9
Invocations    | 1 2 3 4 5 6 |  6.4
Evocations     | 1 2 3 4 5 |  5.9
Conjurations   | 1 2 3 4 |  4.8
Hexes          | 1 2 3 4 |  4.8
Necromancy     | 1 2 3 4 |  4.8
Translocations | 1 2 3 4 |  4.8
Transmutations | 1 2 3 4 |  4.8
Fire Magic     | 1 2 3 4 |  4.8
Ice Magic      | 1 2 3 4 |  4.8
Air Magic      | 1 2 3 4 |  4.8
Earth Magic    | 1 2 3 4 |  4.8
Poison Magic   | 1 2 3 4 |  4.8
Dodging        | 5 6 7 |  7.5
Stealth        | 5 6 7 |  7.3
Summonings     | 8 |  8.7

Action                   |  1- 3 |  4- 6 |  7- 9 | 10-12 || total
-------------------------+-------+-------+-------+-------++-------
Melee: Dagger            |   105 |   170 |   417 |   154 ||   846
       Unarmed           |     7 |     1 |       |       ||     8
       Bite              |    11 |    13 |    36 |    21 ||    81
       Punch             |     1 |     3 |     2 |       ||     6
 Cast: Summon Small Mamm |    21 |       |     6 |       ||    27
       Call Imp          |    26 |    40 |    47 |    29 ||   142
       Call Canine Famil |     2 |    11 |    31 |    14 ||    58
Invok: Wall of Briars    |       |       |     2 |     1 ||     3
       Grow Ballistomyce |       |       |       |     5 ||     5
Evoke: Wand              |       |       |       |     2 ||     2
  Use: Scroll            |       |     6 |    12 |     2 ||    20
       Potion            |       |     3 |     5 |     2 ||    10
 Stab: Sleeping          |     7 |     7 |     6 |       ||    20
       Distracted        |     1 |     1 |     2 |     3 ||     7
       Invisible         |       |       |     2 |       ||     2
       Paralysed         |       |       |       |     3 ||     3
Armor: Robe              |    21 |       |     1 |       ||    22
       Ring mail         |     9 |    63 |    61 |       ||   133
       Leather armour    |       |       |    14 |       ||    14
       Swamp dragon scal |       |       |    66 |    42 ||   108
Dodge: Dodged            |   103 |   103 |   277 |    59 ||   542
Block: Kite shield       |     3 |       |    58 |       ||    61
       Buckler           |       |       |     9 |    26 ||    35

Table legend: (Time is in decaauts)
 A = Elapsed time spent in this place.
 B = Non-inter-level travel time spent in this place.
 C = Inter-level travel time spent in this place.
 D = Time resting spent in this place.
 E = Time spent auto-exploring this place.
 F = Levels seen in this place.
 G = Mean time per level.
                   A        B        C        D        E       F      G
               +--------+--------+--------+--------+--------+-----+--------+
         Total |  15107 |  14633 |    474 |   3901 |   8285 |  11 | 1373.4 |
       Dungeon |  15107 |  14633 |    474 |   3901 |   8285 |  11 | 1373.4 |
               +--------+--------+--------+--------+--------+-----+--------+

Top non-repeatable levels by time:
     D:9: 2072 daAuts
     D:4: 2007 daAuts
     D:6: 1659 daAuts
     D:8: 1557 daAuts
     D:3: 1516 daAuts
     D:1: 1469 daAuts
     D:5: 1419 daAuts
     D:2: 1294 daAuts
     D:7: 1134 daAuts
    D:11: 744 daAuts
    D:10: 233 daAuts
